 Dungeon Crawl Stone Soup version 0.22-a0-567-gff9aefc (webtiles) character file.

69149 Amnesiac the Prestidigitator (level 14, -9/77 HPs)
             Began as a Spriggan Venom Mage on June 29, 2018.
             Was the Champion of Okawaru.
             Mangled by a skeletal warrior
             ... wielding a +0 glaive
             ... led by a skeletal warrior
              (29 damage)
             ... on level 14 of the Dungeon.
             The game lasted 00:59:26 (27832 turns).

Amnesiac the Prestidigitator (Spriggan Venom Mage) Turns: 27832, Time: 00:59:26

Health: -9/77      AC:  7    Str: 10    XL:     14   Next: 89%
Magic:  20/28      EV: 29    Int: 20    God:    Okawaru [******]
Gold:   534        SH:  8    Dex: 15    Spells: 14/31 levels left

rFire    + . .     SeeInvis +   a - +2 hunting sling (velocity)
rCold    + . .     Gourm    .   I - +0 buckler
rNeg     . . .     Faith    +   B - +2 robe {rC+ rF+}
rPois    .         Spirit   .   N - +1 hat {Int+3}
rElec    .         Reflect  .   y - +1 cloak
rCorr    .         Harm     .   (gloves unavailable)
MR       ++...     Clarity  +   (boots unavailable)
Stlth    ++........             v - amulet of faith
HPRegen  0.22/turn              w - ring of flight
MPRegen  0.21/turn              (no ring)

@: very slightly contaminated, studying Evocations, very quick
A: very small, unfitting armour, see invisible, clarity, clumsy 1, herbivore,
speed 3, slow metabolism 2, strong 1
a: Heroism, Finesse, Renounce Religion, Evoke Flight


You were on level 14 of the Dungeon.
You worshipped Okawaru.
Okawaru was exalted by your worship.
You were not hungry.

You visited 3 branches of the dungeon, and saw 17 of its levels.
You also visited: Labyrinth and Bailey.

You collected 1339 gold pieces.
You spent 805 gold pieces at shops.

Inventory:

Hand Weapons
 a - a +2 hunting sling of velocity (weapon)
 b - a +4 dagger of venom
 R - a +0 blowgun
 U - the +8 demon blade "Leech" {vamp, rN+ AC-3 EV-3}
   (You took it off an orc priest on level 13 of the Dungeon)

   It inflicts no extra harm, but heals its wielder when it wounds a living foe.
   It affects your AC (-3).
   It affects your evasion (-3).
   It protects you from negative energy.
Missiles
 q - 283 stones
 S - 5 needles of confusion
 V - 18 sling bullets (quivered)
Armour
 y - a +1 cloak (worn)
 B - a +2 robe of resistance (worn)
 I - a +0 buckler (worn)
 N - a +1 hat of intelligence (worn)
 Q - a scarf of resistance
Jewellery
 k - an uncursed amulet of guardian spirit
 v - an amulet of faith (around neck)
 w - a ring of flight (left hand)
 W - an uncursed amulet of harm {unknown}
Wands
 m - a wand of polymorph (20)
 C - a wand of random effects (41)
 E - a wand of flame (53)
 J - a wand of paralysis (7)
 O - a wand of digging (12)
 T - a wand of iceblast (14)
Scrolls
 d - 3 scrolls of identify {!r}
 e - 4 scrolls of enchant armour {!r}
 h - 9 scrolls of remove curse {!r}
 i - 4 scrolls of teleportation {!r}
 l - 6 scrolls of fog {!r}
 o - 7 scrolls of immolation {!r}
 t - a scroll of silence {!r, unknown}
 z - a scroll of holy word {!r}
 A - 5 scrolls of blinking {!r}
 G - a scroll of summoning {!r}
 L - 2 scrolls of enchant weapon {!r}
 M - 3 scrolls of amnesia {!r}
 X - a scroll of fear {!r, unknown}
Potions
 g - 2 potions of heal wounds {!q}
 j - 2 potions of mutation {!q}
 n - 2 potions of flight {!q}
 p - a potion of resistance {!q}
 r - 3 potions of lignification {!q}
 s - 2 potions of cancellation {!q}
 x - 2 potions of ambrosia {!q}
 D - a potion of invisibility {!q}
 F - a potion of might {!q}
 H - 2 potions of berserk rage {!q}
 K - 2 potions of brilliance {!q}
 P - 2 potions of haste {!q}
Books
 f - a manual of Evocations
Miscellaneous
 u - a sack of spiders
Comestibles
 c - 28 rations


   Skills:
 - Level 10.4 Fighting
 - Level 0.7 Long Blades
 - Level 14.1 Slings
 - Level 1.2(8.0) Throwing
 - Level 14.4 Dodging
 - Level 3.0 Stealth
 - Level 7.2 Shields
 - Level 9.1 Spellcasting
 - Level 2.5 Conjurations
 - Level 3.0 Poison Magic
 - Level 9.0 Invocations
 + Level 14.7 Evocations


You had 14 spell levels left.
You knew the following spells:

 Your Spells              Type           Power        Failure   Level  Hunger
a - Poisonous Vapours     Pois/Air       ###...       6%          2    None
b - Sting                 Conj/Pois      ###.         2%          1    None
c - Call Imp              Summ           #.......     12%         2    None
d - Olgreb's Toxic Radia  Pois           ###.....     22%         4    ###....
e - Mephitic Cloud        Conj/Pois/Air  ###.....     11%         3    None
s - Conjure Flame         Conj/Fire      ##......     14%         3    None
v - Blink                 Tloc           N/A          12%         2    None

Your spell library contained the following spells:

 Spells                   Type           Power        Failure   Level  Hunger
 Magic Dart               Conj           ###.         2%          1    None
 Lightning Bolt           Conj/Air       ##........   77%         5    #####..
 Slow                     Hex            #.......     12%         2    None
 Freezing Cloud           Conj/Ice/Air   ##........   100%        6    ######.
 Ring of Flames           Chrm/Fire      #.........   100%        7    #######
 Venom Bolt               Conj/Pois      ###.......   56%         5    #####..
 Shatter                  Erth           #.........   100%        9    #######
 Static Discharge         Conj/Air       ##......     14%         3    None
 Tornado                  Air            #.........   100%        9    #######
 Ignition                 Fire           #.........   100%        8    #######


Dungeon Overview and Level Annotations

Branches:
Dungeon (14/15)            Temple (1/1) D:7            Lair (0/6) D:9
    Orc (2/2) D:9             Elf (0/3) Orc:2        Vaults (0/5) D:14

Altars:
Ashenzari
Cheibriados
Dithmenos
Elyvilon
Fedhas
Gozag
Hepliaklqana
Kikubaaqudgha
Makhleb
Nemelex Xobeh
Okawaru
Qazlal
Ru
Sif Muna
Trog
Uskayaw
Vehumet
Wu Jian
Xom
Yredelemnul
Zin
The Shining One
Beogh

Shops:
D:9 }   D:10 ?:[*?   Orc:1 }   Orc:2 ?!**}

Annotations:
D:12 Frances


Innate Abilities, Weirdness & Mutations

You are very small and have problems with some larger weapons.
You are too small for most types of armour.
You have supernaturally acute eyesight. (SInv)
You are a herbivore.
You cover ground extremely quickly.
You need to consume almost no food.
You possess an exceptional clarity of mind.
You are clumsy. (Dex -2)
Your muscles are strong. (Str +2)


Message History

Firing (i - inventory. (/) - cycle)
V - 27 sling bullets (quivered)
Press: ? - help, Shift-Dir - straight line, f/p - skeletal warrior
Aim: a skeletal warrior, wielding a glaive (flame, heavily damaged)
You shoot a sling bullet.
The sling bullet hits the skeletal warrior.
The skeletal warrior is heavily damaged.
Firing (i - inventory. (/) - cycle)
V - 26 sling bullets (quivered)
Press: ? - help, Shift-Dir - straight line, f/p - skeletal warrior
Aim: a skeletal warrior, wielding a glaive (flame, heavily damaged)
You shoot a sling bullet.
The sling bullet hits the skeletal warrior.
The skeletal warrior is heavily damaged.
The skeletal warrior hits you from afar with a glaive!
Firing (i - inventory. (/) - cycle)
V - 25 sling bullets (quivered)
Press: ? - help, Shift-Dir - straight line, f/p - skeletal warrior
Aim: a skeletal warrior, wielding a glaive (flame, heavily damaged)
You shoot a sling bullet.
The sling bullet hits the skeletal warrior but does no damage.
The skeletal warrior is heavily damaged.
Firing (i - inventory. (/) - cycle)
V - 24 sling bullets (quivered)
Press: ? - help, Shift-Dir - straight line, f/p - skeletal warrior
Aim: a skeletal warrior, wielding a glaive (flame, heavily damaged)
You shoot a sling bullet.
The sling bullet hits the skeletal warrior but does no damage.
The skeletal warrior is heavily damaged.
Firing (i - inventory. (/) - cycle)
V - 23 sling bullets (quivered)
Press: ? - help, Shift-Dir - straight line, f/p - skeletal warrior
Aim: a skeletal warrior, wielding a glaive (flame, heavily damaged)
You shoot a sling bullet.
The sling bullet hits the skeletal warrior but does no damage.
The skeletal warrior is heavily damaged.
The skeletal warrior is engulfed in blazing flames.
The skeletal warrior completely misses you.
Firing (i - inventory. (/) - cycle)
V - 22 sling bullets (quivered)
Press: ? - help, Shift-Dir - straight line, f/p - skeletal warrior
Aim: a skeletal warrior, wielding a glaive (flame, heavily damaged)
You shoot a sling bullet.
The sling bullet hits the skeletal warrior but does no damage.
The skeletal warrior is heavily damaged.
Firing (i - inventory. (/) - cycle)
V - 21 sling bullets (quivered)
Press: ? - help, Shift-Dir - straight line, f/p - skeletal warrior
Aim: a skeletal warrior, wielding a glaive (flame, heavily damaged)
You shoot a sling bullet.
The sling bullet hits the skeletal warrior.
The skeletal warrior is heavily damaged.
The skeletal warrior is engulfed in blazing flames.
The skeletal warrior hits you from afar with a glaive!!
* * * LOW HITPOINT WARNING * * *
You are too injured to fight recklessly!
Firing (i - inventory. (/) - cycle)
V - 20 sling bullets (quivered)
Press: ? - help, Shift-Dir - straight line, f/p - skeletal warrior
Aim: a skeletal warrior, wielding a glaive (flame, severely damaged)
You shoot a sling bullet.
The sling bullet hits the skeletal warrior but does no damage.
The skeletal warrior is severely damaged.
Unknown command.
Firing (i - inventory. (/) - cycle)
V - 19 sling bullets (quivered)
Press: ? - help, Shift-Dir - straight line, f/p - skeletal warrior
Aim: a skeletal warrior, wielding a glaive (flame, severely damaged)
You shoot a sling bullet.
The sling bullet hits the skeletal warrior.
The skeletal warrior is severely damaged.
The skeletal warrior hits you from afar with a glaive!!
You die...

################### #
########(()zz.@..........######
...........#######+#######.......
##..##.....# #.# #...>...
##..##.....# #####.##### #.#.....
.....z.....# #...'.'...# #.......
.!..(#####.# #.###.###.# #..#####
.###. #.# #.# #.# #.# #..# #.
#.###'###.###'###..# ..
#.'.............'.######


You could see 2 skeletal warriors.

Vanquished Creatures
  A frost giant (D:12)
  An orc warlord (Orc:1)
  5 reapers (D:13)
  A minotaur (Lab)
  An ettin (D:12)
  Snorg (D:12)
  Josephine (D:11)
  A deep elf high priest (D:12)
  5 ogre magi
  4 vault guards (D:14)
  A hydra (D:14)
  A centaur warrior (D:11)
  23 two-headed ogres
  Erica (D:10)
  2 skeletal warriors (D:14)
  An unseen horror (D:12)
  Pikel (D:5)
  7 deep elf magi
  5 orc knights
  6 ugly things
  An orc sorcerer (Orc:1)
  A cyclops (D:14)
  2 centaur zombies
  Joseph (D:9)
  2 gargoyles
  A freezing wraith (D:12)
  A komodo dragon (D:11)
  A queen bee (D:10)
  5 trolls
  4 guardian mummies (D:13)
  A slime creature (D:14)
  2 hornets
  6 hippogriffs
  A shadow (D:14)
  A vampire (D:14)
  4 wraiths (D:11)
  3 wyverns
  2 water elementals (D:12)
  2 basilisks
  11 yaks
  2 hungry ghosts
  Eustachio (D:4)
  A steam dragon (D:10)
  Menkaure (D:6)
  2 wargs
  3 soldier ants
  Duvessa (D:6)
  2 acid dragons
  A porcupine (D:9)
  2 eyes of draining (D:14)
  27 orc warriors
  5 ice beasts
  2 phantoms
  5 sky beasts
  A necrophage (D:14)
  36 ogres
  4 centaurs
  6 crocodiles
  3 big kobolds
  3 bullfrogs
  A wyvern zombie (D:13)
  A wyvern skeleton (D:10)
  29 killer bees
  7 scorpions
  Dowan (D:6)
  A killer bee (shapeshifter) (D:12)
  3 wights (D:10)
  7 howler monkeys
  3 electric eels (D:12)
  5 crimson imps
  A bullfrog zombie (D:11)
  2 quasits (D:6)
  6 hounds
  2 jellies (D:6)
  6 centaur skeletons
  22 orc priests
  4 bullfrog skeletons
  21 orc wizards
  Jessica (D:3)
  Ijyb (D:4)
  6 iguanas
  11 worker ants
  Natasha (twice) (D:3)
  A hound zombie (D:7)
  A hound skeleton (D:7)
  4 mummies (D:13)
  3 worker ant zombies
  8 gnolls
  12 adders
  3 shadow imps
  3 oozes
  An adder zombie (D:8)
  An adder skeleton (D:6)
  A worm (D:2)
  6 dart slugs
  A leopard gecko (D:3)
  107 orcs
  6 bats
  5 giant cockroaches
  2 gnoll zombies (D:2)
  13 goblins
  9 hobgoblins
  15 jackals
  17 kobolds
  3 quokkas
  4 ball pythons
  5 frilled lizards
  4 goblin skeletons (D:6)
  3 hobgoblin zombies (D:6)
  A kobold skeleton (D:6)
  A kobold zombie (D:6)
  An orc skeleton (D:6)
  An orc zombie (D:6)
  5 rats
  A fungus (D:9)
  2 plants (D:9)
622 creatures vanquished.

Vanquished Creatures (collateral kills)
  An orc warrior (Orc:2)
  A killer bee (D:11)
  An orc priest (Orc:2)
  2 orc wizards (Orc:2)
  An orc (Orc:2)
6 creatures vanquished.

Vanquished Creatures (others)
  2 fungi (D:9)
  A plant (D:9)
3 creatures vanquished.

Grand Total: 631 creatures vanquished

Notes
Turn   | Place    | Note
-------+----------+-------------------------------------------
     0 | D:1      | Amnesiac the Spriggan Venom Mage began the quest for the Orb.
     0 | D:1      | Reached XP level 1. HP: 9/9 MP: 5/5
    46 | D:1      | Reached skill level 1 in Conjurations
   252 | D:1      | Reached XP level 2. HP: 13/13 MP: 3/6
   695 | D:1      | Found an iron altar of Okawaru.
   811 | D:1      | Became a worshipper of Warmaster Okawaru
   862 | D:1      | Reached XP level 3. HP: 16/16 MP: 4/8
  1576 | D:2      | Reached XP level 4. HP: 21/21 MP: 5/10
  1764 | D:2      | Reached skill level 1 in Slings
  1801 | D:2      | Learned a level 2 spell: Poisonous Vapours
  1805 | D:2      | Learned a level 3 spell: Mephitic Cloud
  2419 | D:2      | Found a burning altar of Makhleb.
  2551 | D:2      | Found a basalt altar of Yredelemnul.
  2685 | D:2      | Reached XP level 5. HP: 11/24 MP: 2/11
  3296 | D:3      | Noticed Natasha
  3299 | D:3      | Noticed Jessica
  3315 | D:3      | Killed Natasha
  3386 | D:3      | Killed Jessica
  3386 | D:3      | Reached * piety under Okawaru
  3465 | D:3      | Found an ornate altar of the Wu Jian Council.
  3636 | D:3      | Noticed Natasha
  3643 | D:3      | Killed Natasha
  3643 | D:3      | Reached skill level 5 in Slings
  3643 | D:3      | Reached XP level 6. HP: 23/28 MP: 4/12
  3901 | D:4      | Noticed Eustachio
  3927 | D:4      | Noticed Ijyb
  4180 | D:4      | Found a snail-covered altar of Cheibriados.
  4356 | D:4      | Killed Ijyb
  4364 | D:4      | Killed Eustachio
  4364 | D:4      | Reached ** piety under Okawaru
  4364 | D:4      | Reached XP level 7. HP: 14/32 MP: 8/13
  4704 | D:4      | Found a blossoming altar of Fedhas.
  5010 | D:5      | Entered Level 5 of the Dungeon
  5124 | D:5      | Found a radiant altar of Vehumet.
  5277 | D:5      | Learned a level 2 spell: Blink
  5281 | D:5      | Learned a level 3 spell: Conjure Flame
  5284 | D:5      | Learned a level 2 spell: Call Imp
  5460 | D:5      | Noticed Pikel
  5504 | D:5      | Killed Pikel
  5504 | D:5      | Reached *** piety under Okawaru
  5504 | D:5      | Received a gift from Okawaru
  5504 | D:5      | Reached skill level 10 in Slings
  5504 | D:5      | Reached XP level 8. HP: 36/36 MP: 1/14
  5886 | D:6      | Reached **** piety under Okawaru
  5989 | D:6      | Noticed Menkaure
  5995 | D:6      | Killed Menkaure
  6194 | D:6      | Found a glowing golden altar of the Shining One.
  6267 | D:6      | Reached XP level 9. HP: 39/39 MP: 15/15
  6318 | D:6      | Noticed Dowan
  6325 | D:6      | Noticed Duvessa
  6327 | D:6      | Killed Dowan
  6327 | D:6      | Received a gift from Okawaru
  6354 | D:6      | Found an ancient bone altar of Kikubaaqudgha.
  6375 | D:6      | Killed Duvessa
  7047 | D:7      | Found a flagged portal.
  7088 | Bailey   | Entered a bailey
  7088 | Bailey   | Noticed an orc knight
  7089 | Bailey   | Noticed an orc knight
  7090 | Bailey   | Noticed an orc knight
  7092 | Bailey   | Killed an orc knight
  7097 | Bailey   | Reached ***** piety under Okawaru
  7099 | Bailey   | Killed an orc knight
  7099 | Bailey   | Received a gift from Okawaru
  7297 | Bailey   | Killed an orc knight
  7297 | Bailey   | Reached XP level 10. HP: 41/44 MP: 18/23
  7301 | Bailey   | Received a gift from Okawaru
  7575 | D:7      | Received a gift from Okawaru
  7575 | D:7      | Reached skill level 1 in Invocations
  7963 | D:7      | Received a gift from Okawaru
  8165 | D:7      | Found a staircase to the Ecumenical Temple.
  8458 | Temple   | Entered the Ecumenical Temple
  8663 | D:8      | Received a gift from Okawaru
  8663 | D:8      | Reached skill level 5 in Invocations
  9136 | D:8      | Noticed a two-headed ogre
  9186 | D:8      | Killed a two-headed ogre
  9186 | D:8      | Received a gift from Okawaru
  9642 | D:8      | Received a gift from Okawaru
  9822 | D:9      | Found an opulent altar of Gozag.
  9822 | D:9      | Found a shattered altar of Ashenzari.
  9822 | D:9      | Found a hide-covered altar of Uskayaw.
  9822 | D:9      | Found a white marble altar of Elyvilon.
  9872 | D:9      | Received a gift from Okawaru
  9972 | D:9      | Reached skill level 1 in Evocations
  9972 | D:9      | Reached XP level 11. HP: 47/47 MP: 25/25
 10034 | D:9      | Reached ****** piety under Okawaru
 10086 | D:9      | Received a gift from Okawaru
 10165 | D:9      | Found a staircase to the Lair.
 10361 | D:9      | Found Datuymuc's Gadget Boutique.
 10789 | D:9      | Noticed Joseph
 10851 | D:9      | Killed Joseph
 10851 | D:9      | Reached skill level 5 in Evocations
 10978 | D:9      | Received a gift from Okawaru
 11161 | D:9      | Found a staircase to the Orcish Mines.
 11343 | D:9      | You fall through a shaft for 3 floors!
 11473 | D:12     | Noticed an unseen horror
 11481 | D:12     | Killed an unseen horror
 11582 | D:11     | Identified a paperback manual
 11729 | D:11     | Reached skill level 1 in Shields
 11822 | D:11     | Noticed Josephine
 11844 | D:11     | Killed Josephine
 12020 | D:11     | Found a labyrinth entrance.
 12033 | Lab      | Entered a labyrinth
 12487 | Lab      | Noticed a minotaur
 12517 | Lab      | Killed a minotaur
 12959 | D:11     | Noticed a purple ugly thing
 12970 | D:11     | Killed a purple ugly thing
 12970 | D:11     | Reached skill level 5 in Shields
 13361 | D:10     | Entered Level 10 of the Dungeon
 13413 | D:10     | Found Jabi's Magic Scroll Emporium.
 13429 | D:10     | Bought a scroll of enchant weapon for 97 gold pieces
 13429 | D:10     | Bought a scroll of random uselessness for 13 gold pieces
 13430 | D:10     | Bought a scroll of summoning for 123 gold pieces
 13430 | D:10     | Bought a scroll of amnesia for 45 gold pieces
 13433 | D:10     | Bought a scroll of identify for 26 gold pieces
 13479 | D:10     | Received a gift from Okawaru
 13479 | D:10     | Reached XP level 12. HP: 51/51 MP: 26/26
 13523 | D:10     | Noticed a two-headed ogre
 13538 | D:10     | Killed a two-headed ogre
 13711 | D:10     | Found Neizuogh's General Store.
 13795 | D:10     | Found Weguipp's Antique Armour Shoppe.
 13836 | D:10     | Noticed Erica
 13920 | D:10     | Killed Erica
 13920 | D:10     | Received a gift from Okawaru
 13953 | D:10     | Noticed a two-headed ogre
 13983 | D:10     | Killed a two-headed ogre
 13983 | D:10     | Received a gift from Okawaru
 14021 | D:10     | Received a gift from Okawaru
 14322 | D:10     | Reached skill level 1 in Fighting
 14556 | D:10     | Found Yttimnig's Book Boutique.
 14616 | D:10     | Found Niuphad's Magic Scroll Shoppe.
 14816 | D:10     | Reached skill level 5 in Dodging
 15309 | D:11     | Learned a level 4 spell: Olgreb's Toxic Radiance
 15456 | Orc:1    | Entered Level 1 of the Orcish Mines
 15577 | Orc:2    | Entered Level 2 of the Orcish Mines
 15577 | Orc:2    | Found Buiryh's Magic Scroll Shop.
 15588 | Orc:2    | Noticed a two-headed ogre
 15853 | Orc:1    | Killed a two-headed ogre
 16556 | Orc:1    | Noticed an orc warlord
 16573 | Orc:1    | Gained mutation: Your muscles are strong. (Str +2) [potion of mutation]
 16573 | Orc:1    | Gained mutation: You are clumsy. (Dex -2) [potion of mutation]
 16573 | Orc:1    | Gained mutation: You possess an exceptional clarity of mind. [potion of mutation]
 16712 | Orc:2    | Noticed a two-headed ogre
 16714 | Orc:2    | Noticed a two-headed ogre
 16762 | Orc:2    | Killed a two-headed ogre
 16796 | Orc:2    | Killed a two-headed ogre
 16879 | Orc:2    | Noticed a two-headed ogre
 16910 | Orc:2    | Noticed a two-headed ogre
 16922 | Orc:2    | Killed a two-headed ogre
 16950 | Orc:2    | Killed a two-headed ogre
 16950 | Orc:2    | Reached skill level 5 in Fighting
 17022 | Orc:2    | Found a roughly hewn altar of Beogh.
 17061 | Orc:2    | Noticed a two-headed ogre
 17065 | Orc:2    | Noticed a two-headed ogre
 17084 | Orc:2    | Noticed a two-headed ogre
 17087 | Orc:2    | Noticed a two-headed ogre
 17112 | Orc:2    | Killed a two-headed ogre
 17112 | Orc:2    | Received a gift from Okawaru
 17112 | Orc:2    | Reached XP level 13. HP: 57/63 MP: 24/27
 17125 | Orc:2    | Received a gift from Okawaru
 17125 | Orc:2    | Reached skill level 10 in Dodging
 17126 | Orc:2    | Got a creamy pearl robe {god gift}
 17672 | Orc:2    | Found Onophog's General Store.
 17672 | Orc:2    | Found Rastroxt's Gadget Shoppe.
 17674 | Orc:2    | Found Borik's Distillery.
 17674 | Orc:2    | Found Sylida's Assorted Antiques.
 17786 | Orc:2    | Received a gift from Okawaru
 17857 | Orc:2    | Identified the +1 robe "Xafusoytt" {*Corrode rC+ rN+} (Okawaru gifted it to you on level 2 of the Orcish Mines)
 18004 | Orc:2    | Bought a fizzy grey potion for 23 gold pieces
 18116 | Orc:2    | Found a bloodstained altar of Trog.
 18127 | Orc:2    | Received a gift from Okawaru
 18261 | Orc:2    | Found a staircase to the Elven Halls.
 18581 | Orc:2    | Bought a wand of digging (9) for 338 gold pieces
 18624 | Orc:2    | Bought a potion of haste for 140 gold pieces
 18940 | Orc:1    | Found Futsaesma's Gadget Boutique.
 19062 | Orc:1    | Killed an orc warlord
 19062 | Orc:1    | Received a gift from Okawaru
 20381 | D:12     | Noticed an ettin
 20519 | D:12     | Noticed a frost giant
 20612 | D:12     | Killed a frost giant
 20618 | D:12     | Got a transparent flail {vamp}
 20976 | D:12     | Killed an ettin
 20976 | D:12     | Reached XP level 14. HP: 75/75 MP: 19/28
 21270 | D:12     | Got a slimy broad axe
 21818 | D:13     | Noticed Snorg
 21956 | D:12     | Killed Snorg
 21956 | D:12     | Received a gift from Okawaru
 21956 | D:12     | Reached skill level 1 in Throwing
 22097 | D:13     | Noticed Frances
 23267 | D:13     | Noticed a reaper
 23267 | D:13     | Noticed a reaper
 23267 | D:13     | Noticed a reaper
 23267 | D:13     | Noticed a reaper
 23267 | D:13     | Noticed a reaper
 23598 | D:13     | Killed a reaper
 23877 | D:13     | Killed a reaper
 23877 | D:13     | Reached skill level 10 in Fighting
 24094 | D:13     | Killed a reaper
 24289 | D:13     | Killed a reaper
 24701 | D:13     | Killed a reaper
 25589 | D:14     | Received a gift from Okawaru
 25668 | D:14     | Found a gate to the Vaults.
 25743 | D:14     | Reached skill level 10 in Evocations
 25785 | D:14     | Received a gift from Okawaru
 27832 | D:14     | Mangled by a skeletal warrior

Vault maps used:
D:1:      dpeg_arrival_three_same_balls, kennysheep_decorative_pillar,
          minmay_misc_feat_more_columns, okawaru_ov_weapons_minmay
D:2:      lemuel_doored_altar, lemuel_zombie_altar_yredelemnul, kennysheep_boxes
D:3:      nicolae_overflow_crystal_walls, corner_web_ring, minmay_cupped,
          uniq_natasha, uniq_jessica
D:4:      kennysheep_mini, lemuel_coloured_pillars_altar, uniq_ijyb,
          uniq_eustachio
D:5:      first_ration, kennysheep_pointless_box, vehumet_altar_wand_db,
          uniq_pikel
D:6:      kiku_gazebo_pond_becter, nicolae_tso_besieged_by_evil, uniq_menkaure,
          uniq_duvessa
D:7:      temple_statues, enter_bailey_2
D:9:      chequers_temple_overflow_statue_of_worship, minmay_lair_entry_grove,
          hiddenorc1_lemuel, serial_shops, nicolae_shop_trees, uniq_joseph
D:10:     serial_shops, nicolae_shop_behind_doors, kennysheep_mini_moat,
          shop_statue, shop_scrolls, shop, special_room,
          kennysheep_windowed_goal, uniq_erica
D:11:     lab_entry_generic, hangedman_pestilent_swarm,
          onia_ninara_dug_in_and_dangerous, uniq_josephine
D:12:     cross_vault
D:13:     minmay_guarded_unrand_curses, uniq_frances, uniq_snorg
D:14:     lightli_vaults_fourway_checkpoint, minmay_door_square
Temple:   nicolae_temple_hex_pool
Orc:1:    serial_shops, shop, nicolae_orc_crystal_geode
Orc:2:    st_orc_ogre_mass, serial_shops, shop, basic_altar, mines2_david
Bailey:   bailey_polearm_4, bailey

Skill      XL: |  1  2  3  4  5  6  7  8  9 10 11 12 13 14 |
---------------+-------------------------------------------+-----
Conjurations   | 1 2 |  2.5
Spellcasting   | 3 8 9 |  9.1
Slings         | 3 5 7 10 12 14 | 14.1
Invocations    | 8 9 |  9.0
Evocations     | 1 7 14 | 14.7
Shields        | 5 7 |  7.2
Fighting       | 5 9 10 | 10.4
Dodging        | 9 12 14 | 14.4
Throwing       | 1 |  1.2
Long Blades    | |  0.7
Stealth        | |  3.0
Poison Magic   | |  3.0

Action                   |  1- 3 |  4- 6 |  7- 9 | 10-12 | 13-15 || total
-------------------------+-------+-------+-------+-------+-------++-------
Melee: Unarmed           |     1 |       |       |       |       ||     1
       Falchion          |     1 |       |       |       |       ||     1
       Dagger            |       |    10 |     3 |       |    51 ||    64
 Fire: Hunting sling     |       |   152 |   361 |  1724 |  1872 ||  4109
 Cast: Sting             |    76 |    96 |    37 |       |       ||   209
       Mephitic Cloud    |       |     3 |    17 |    75 |    52 ||   147
       Poisonous Vapours |       |       |     4 |       |       ||     4
       Conjure Flame     |       |       |     2 |    25 |    19 ||    46
       Blink             |       |       |       |     1 |     1 ||     2
Invok: Heroism           |       |       |       |     2 |     5 ||     7
       Finesse           |       |       |       |       |     3 ||     3
Evoke: Sack of spiders   |       |       |       |     2 |       ||     2
       Wand              |       |       |       |       |     4 ||     4
  Use: Scroll            |       |       |    13 |     8 |     2 ||    23
       Potion            |       |       |     1 |     5 |     3 ||     9
 Stab: Confused          |       |     2 |     1 |       |       ||     3
  Eat: Ration            |       |     2 |     2 |     4 |     3 ||    11
Armor: Robe              |       |     9 |     9 |    26 |    10 ||    54
       Skin              |       |       |     6 |       |       ||     6
Dodge: Dodged            |    12 |    96 |    54 |   175 |   154 ||   491
Block: Buckler           |       |       |       |    50 |    61 ||   111
       Rpst.: Falchion   |     3 |       |       |       |       ||     3

Table legend:
 A = Spawn XP
 B = Non-spawn XP
 C = Spawn XP percentage of total XP
 D = Spawn monster count
 E = Non-spawn monster count
 F = Spawn count percentage of total count
 G = Total turns spent on level
                    A         B        C        D         E        F      G
               +---------+---------+-------+---------+---------+-------+---------
         Total |       0 |   98785 |   0.0 |       0 |     625 |   0.0 | 27832
               +---------+---------+-------+---------+---------+-------+---------
           D:1 |       0 |      62 |   0.0 |       0 |      24 |   0.0 |  1628
           D:2 |       0 |     161 |   0.0 |       0 |      31 |   0.0 |  1253
           D:3 |       0 |     171 |   0.0 |       0 |      26 |   0.0 |   997
           D:4 |       0 |     609 |   0.0 |       0 |      18 |   0.0 |  1132
           D:5 |       0 |     961 |   0.0 |       0 |      17 |   0.0 |   846
           D:6 |       0 |    1493 |   0.0 |       0 |      43 |   0.0 |  1102
           D:7 |       0 |    1360 |   0.0 |       0 |      23 |   0.0 |  1151
           D:8 |       0 |    2765 |   0.0 |       0 |      31 |   0.0 |  1234
           D:9 |       0 |    3457 |   0.0 |       0 |      41 |   0.0 |  1693
          D:10 |       0 |    7152 |   0.0 |       0 |      59 |   0.0 |  2025
          D:11 |       0 |    6869 |   0.0 |       0 |      53 |   0.0 |  1640
          D:12 |       0 |   12975 |   0.0 |       0 |      33 |   0.0 |  2700
          D:13 |       0 |   11979 |   0.0 |       0 |      39 |   0.0 |  2747
          D:14 |       0 |   16469 |   0.0 |       0 |      40 |   0.0 |  2410
         Orc:1 |       0 |    6909 |   0.0 |       0 |      49 |   0.0 |  1886
         Orc:2 |       0 |   21366 |   0.0 |       0 |      81 |   0.0 |  2403
           Lab |       0 |    1083 |   0.0 |       0 |       1 |   0.0 |   506
        Bailey |       0 |    2944 |   0.0 |       0 |      16 |   0.0 |   383
               +---------+---------+-------+---------+---------+-------+---------
